 Dungeon Crawl Stone Soup version 0.26-a0-28-gc929df5 (webtiles) character file.

Game seed: 17678117279135633107, levelgen mode: deterministic

3554 Balder the Basher (level 9, -1/78 HPs)
             Began as a Minotaur Berserker on May 28, 2020.
             Was an Elder of Trog.
             Slain by Grum
             ... wielding a +0 glaive of pain
              (2 damage)
             ... on level 8 of the Dungeon.
             The game lasted 00:35:00 (6911 turns).

Balder the Basher (Minotaur Berserker)              Turns: 6911, Time: 00:35:01

Health: -1/78      AC: 14    Str: 28    XL:     9   Next: 83%
Magic:  9/9        EV: 10    Int:  4    God:    Trog [****..]
Gold:   438        SH:  0    Dex: 13    Spells: 8/8 levels left

rFire    . . .     SeeInvis .   a - +4 long sword
rCold    . . .     Gourm    .   (no shield)
rNeg     . . .     Faith    .   z - +0 plate armour
rPois    .         Spirit   .   (helmet restricted)
rElec    .         Reflect  .   h - +0 cloak
rCorr    .         Harm     .   (no gloves)
MR       .....                  (no boots)
Stlth    ..........             G - amulet of the acrobat
HPRegen  0.23/turn              y - ring of stealth
MPRegen  0.11/turn              A - +6 ring of strength

@: hasted, very quick
A: retaliatory headbutt, horns 2
a: Berserk, Trog's Hand, Brothers in Arms, Renounce Religion


You were on level 8 of the Dungeon.
You worshipped Trog.
Trog was greatly pleased with you.
You were not hungry.

You visited 1 branch of the dungeon, and saw 8 of its levels.

You collected 438 gold pieces.

Inventory:

Hand Weapons
 a - a +4 long sword (weapon)
 b - a +0 flail
 p - a +0 hunting sling
 u - a +0 war axe
 I - a +1 whip of flaming
 N - a +0 war axe of venom
Missiles
 n - 32 poisoned darts
 o - 4 boomerangs of dispersal
 q - 133 sling bullets
 M - 4 boomerangs (quivered)
Armour
 h - a +0 cloak (worn)
 l - a +0 chain mail
 z - a +0 plate armour (worn)
Jewellery
 x - an uncursed ring of protection from cold
 y - a ring of stealth (left hand)
 A - a +6 ring of strength (right hand)
 G - an amulet of the acrobat (around neck)
 J - an uncursed ring of positive energy
Wands
 k - a wand of enslavement (9)
Scrolls
 f - a scroll of blinking {unknown}
 i - 4 scrolls of teleportation
 j - a scroll of random uselessness {unknown}
 r - a scroll of immolation
 F - 2 scrolls of identify
 H - a scroll of fear {unknown}
 K - a scroll of magic mapping {unknown}
Potions
 e - 3 potions of degeneration {unknown}
 g - a potion of resistance {unknown}
 m - 5 potions of curing
 s - a potion of brilliance {unknown}
 t - 3 potions of stabbing
 v - a potion of haste
 w - a potion of cancellation {unknown}
 B - a potion of experience {unknown}
 C - a potion of ambrosia {unknown}
 D - a potion of lignification {unknown}
 E - a potion of berserk rage {unknown}
 L - a potion of mutation {unknown}
Comestibles
 c - 21 rations


   Skills:
 * Level 6.9 Fighting
 * Level 7.8 Long Blades
 * Level 8.5 Maces & Flails
 * Level 3.7 Throwing
 * Level 7.5 Armour
 * Level 4.9 Dodging
 * Level 3.5 Stealth
 + Level 0.5 Unarmed Combat
 * Level 1.3 Evocations


You had 8 spell levels left.
You didn't know any spells.
Your spell library was empty.

Dungeon Overview and Level Annotations

Branches:
Dungeon (8/15)             Temple (0/1) D:4
   Lair: D:8-11

Altars:
Dithmenos
Elyvilon
Ru
Trog
Vehumet
Wu Jian

Shops:
D:4 (

Annotations:
D:5 Sigmund
D:8 Grum


Innate Abilities, Weirdness & Mutations

You reflexively headbutt those who attack you in melee.
You have a pair of horns on your head.


Message History

You writhe in agony.
* * * LOW HITPOINT WARNING * * *
There is an open door, spattered with blood here.
You feel much better.
Grum hits you from afar with a +0 glaive of pain!
* * * LOW HITPOINT WARNING * * *
You feel yourself speed up.
Grum hits you from afar with a +0 glaive of pain!
* * * LOW HITPOINT WARNING * * *
You writhe in agony.
* * * LOW HITPOINT WARNING * * *
You closely miss Grum. Your headbutt misses Grum.
Grum is heavily wounded.
Grum closely misses you.
You hit Grum but do no damage.
Grum is heavily wounded.
You hit Grum but do no damage.
Grum is heavily wounded.
Grum hits you with a +0 glaive of pain.
You die...

#....)# ###.....###### #### ##
.....###..#..##########..##.#
.....#...............#......#
.....#...#...........'......#
.....#...#.....)†....#......#
.....##..####'##)##..####'###
#.....#..####.##g##..# ....
#.....#.........@#.....#...oo.
#.....#..........#.....#.....).#
#.....#..........#.....#.....o.#
#.._...############..###.......#
......... #..# ##'#.....
.......... .#........ .+.......
##.......


You could see Grum.

Vanquished Creatures
  Pikel (D:6)
  A spriggan (D:7)
  4 orc warriors
  A hornet zombie (D:6)
  Purgy (D:3)
  3 ogres
  2 wolves (D:8)
  A centaur (D:8)
  4 bullfrogs
  3 scorpions
  A water moccasin skeleton (D:7)
  5 wights (D:7)
  3 howler monkeys
  3 crimson imps
  4 orc priests
  3 jellies
  3 hounds
  2 bullfrog skeletons (D:5)
  5 orc wizards
  Ijyb (D:5)
  9 worker ants
  A killer bee zombie (D:7)
  4 gnolls
  11 adders
  A shadow imp (D:7)
  An ooze (D:1)
  2 adder skeletons
  7 worms
  3 dart slugs
  4 leopard geckos
  17 orcs
  9 giant cockroaches
  10 goblins
  7 hobgoblins
  6 jackals
  8 kobolds
  3 quokkas
  10 bats
  4 frilled lizards
  A leopard gecko zombie (D:8)
  10 rats
179 creatures vanquished.

Vanquished Creatures (others)
  An orc wizard (D:8)
1 creature vanquished.

Grand Total: 180 creatures vanquished

Notes
Turn   | Place    | Note
-------+----------+-------------------------------------------
     0 | D:1      | Balder the Minotaur Berserker began the quest for the Orb.
     0 | D:1      | Reached XP level 1. HP: 19/19 MP: 0/0
   147 | D:1      | Reached XP level 2. HP: 26/27 MP: 1/1
   433 | D:1      | Reached skill level 4 in Maces & Flails
   523 | D:1      | Reached XP level 3. HP: 33/33 MP: 2/2
  1091 | D:2      | Reached XP level 4. HP: 26/41 MP: 3/3
  1320 | D:2      | Reached skill level 1 in Throwing
  1388 | D:2      | Reached ** piety under Trog
  1698 | D:2      | Reached skill level 1 in Stealth
  2017 | D:2      | Reached skill level 5 in Maces & Flails
  2020 | D:2      | Reached XP level 5. HP: 43/47 MP: 4/4
  2106 | D:3      | Found a faded altar of an unknown god.
  2378 | D:3      | Noticed Purgy
  2390 | D:3      | Killed Purgy
  2435 | D:3      | Reached XP level 6. HP: 49/55 MP: 5/5
  2681 | D:3      | Reached *** piety under Trog
  2902 | D:4      | Reached skill level 5 in Fighting
  2902 | D:4      | Reached skill level 6 in Maces & Flails
  3060 | D:4      | Found Egguw's Weapon Shop.
  3215 | D:4      | Reached skill level 1 in Long Blades
  3231 | D:4      | Reached XP level 7. HP: 56/61 MP: 6/6
  3288 | D:4      | Found a staircase to the Ecumenical Temple.
  3911 | D:5      | Entered Level 5 of the Dungeon
  3977 | D:5      | Reached skill level 7 in Maces & Flails
  4048 | D:5      | Reached skill level 5 in Armour
  4164 | D:5      | Noticed Ijyb
  4173 | D:5      | Killed Ijyb
  4482 | D:5      | Noticed Sigmund
  4568 | D:5      | Reached XP level 8. HP: 52/69 MP: 7/7
  4644 | D:6      | Found a bloodstained altar of Trog.
  4824 | D:6      | Noticed Pikel
  4829 | D:6      | Killed Pikel
  4926 | D:6      | Reached skill level 5 in Long Blades
  5058 | D:6      | Found a shadowy altar of Dithmenos.
  5062 | D:6      | Reached skill level 1 in Evocations
  5477 | D:6      | Reached skill level 8 in Maces & Flails
  5501 | D:6      | Reached XP level 9. HP: 73/75 MP: 8/8
  5652 | D:7      | Reached **** piety under Trog
  5698 | D:7      | Found a white marble altar of Elyvilon.
  6066 | D:7      | Found a sacrificial altar of Ru.
  6138 | D:7      | Found an ornate altar of the Wu Jian Council.
  6770 | D:8      | Found a radiant altar of Vehumet.
  6858 | D:8      | Noticed Grum
  6907 | D:8      | HP: 3/78 [Grum/+0 glaive of pain (16)]
  6907 | D:8      | HP: 1/78 [Grum/+0 glaive of pain (2)]
  6911 | D:8      | Slain by Grum

Illustrated notes

Levels and vault maps discovered:
D:1:      dpeg_arrival_stone_temple_mockup, layout_basic,
          chequers_serial_rivers_large_a
D:2:      layout_basic, minmay_randomly_rotated_circles
D:3:      layout_basic, chequers_ecumenical_altar_simple_redux, minmay_vboxes,
          uniq_purgy
D:4:      layout_loops_ring, minmay_temple_entry_large_hall, serial_shops, shop
D:5:      layout_basic, first_ration, uniq_sigmund, uniq_ijyb
D:6:      layout_basic, bloody_trog, basic_altar, uniq_pikel
D:7:      layout_cave_pools, nicolae_ru_the_path_less_chosen,
          lemuel_crystal_altar, marbit_many_paths, the_bakery
D:8:      layout_gridville, basic_altar, serial_shops, kennysheep_mini_moat,
          uniq_grum

Skill      XL: |  1  2  3  4  5  6  7  8  9 |
---------------+----------------------------+-----
Fighting       | 4 5 6 |  6.9
Maces & Flails | 4 5 6 7 8 |  8.5
Throwing       | 1 2 3 |  3.7
Stealth        | 1 2 3 |  3.5
Armour         | 3 4 5 6 7 |  7.5
Dodging        | 3 4 |  4.9
Long Blades    | 1 2 5 7 |  7.8
Evocations     | 1 |  1.3
Unarmed Combat | |  0.5

Action                   |  1- 3 |  4- 6 |  7- 9 || total
-------------------------+-------+-------+-------++-------
Melee: Mace              |    60 |   156 |     3 ||   219
       Headbutt          |     8 |    30 |    57 ||    95
       Long sword        |       |    14 |   236 ||   250
       Unarmed           |       |       |     4 ||     4
Throw: Dart              |       |     1 |    25 ||    26
       Boomerang         |       |       |     4 ||     4
Invok: Trog's Hand       |       |       |     1 ||     1
Evoke: Wand              |       |       |     3 ||     3
  Use: Scroll            |       |     3 |     8 ||    11
       Potion            |       |       |     5 ||     5
  Eat: Chunk             |     1 |     7 |     5 ||    13
       Ration            |       |       |     2 ||     2
Armor: Animal skin       |    21 |       |       ||    21
       Chain mail        |       |    94 |    63 ||   157
       Skin              |       |       |     8 ||     8
       Plate armour      |       |       |    47 ||    47
Dodge: Dodged            |    43 |    78 |   144 ||   265
       Rpst.: Long sword |       |     1 |    39 ||    40

Table legend:
 A = Non-vault XP
 B = Vault XP
 C = Vault XP percentage of total XP
 D = Non-vault monster count
 E = Vault monster count
 F = Vault count percentage of total count
                 A         B        C        D         E       F
            +---------+---------+-------+---------+---------+-------
      Total |    3785 |    1293 |  25.5 |     157 |      23 |  12.8
            +---------+---------+-------+---------+---------+-------
        D:1 |      47 |       0 |   0.0 |      23 |       0 |   0.0
        D:2 |     125 |      35 |  21.9 |      32 |      10 |  23.8
        D:3 |      98 |     148 |  60.2 |      15 |       7 |  31.8
        D:4 |     683 |       0 |   0.0 |      20 |       0 |   0.0
        D:5 |     281 |      38 |  11.9 |       7 |       1 |  12.5
        D:6 |     804 |     586 |  42.2 |      23 |       1 |   4.2
        D:7 |     985 |     261 |  20.9 |      20 |       2 |   9.1
        D:8 |     762 |     225 |  22.8 |      17 |       2 |  10.5
            +---------+---------+-------+---------+---------+-------
